 Dungeon Crawl Stone Soup version 0.31-a0-986-g5e6e4ef867 (webtiles) character file.

Game seed: 10099865287329999248

19500 lessens the Nimble (level 12, -23/95 HPs)
             Began as a Gnoll Gladiator on Nov 9, 2023.
             Was a Priest of Nemelex Xobeh.
             Annihilated by a centaur warrior simulacrum (26 damage)
             ... on level 12 of the Dungeon.
             The game lasted 00:18:45 (13107 turns).

lessens the Nimble (Gnoll Gladiator)               Turns: 13107, Time: 00:18:46

Health: -23/95     AC: 14    Str: 19    XL:     12   Next: 69%
Magic:  23/23      EV: 19    Int:  7    God:    Nemelex Xobeh [***...]
Gold:   420        SH: 16    Dex: 17    Spells: 26/26 levels left

rFire   . . .        d - +7 Throatcutter {drain, coup de grace}
rCold   . . .        X - +5 kite shield of Ethics {Dex+3}
rNeg    . . .        h - +0 scale mail
rPois   .            c - +0 helmet
rElec   .            K - +0 cloak
rCorr   .            (no gloves)
SInv    .            (no boots)
Will    .....        P - amulet of the acrobat
Stlth   ++           i - +5 ring of evasion
HPRegen 0.35/turn    q - +4 ring of protection
MPRegen 0.18/turn

%: acrobat
@: no status effects
A: fangs 1, strong nose, distributed training
a: Renounce Religion, Draw Escape, Draw Destruction, Draw Summoning, Triple Draw


You were on level 12 of the Dungeon.
You worshipped Nemelex Xobeh.
Nemelex Xobeh was most pleased with you.
You visited 1 branch of the dungeon, and saw 12 of its levels.

You collected 781 gold pieces.
You spent 361 gold pieces at shops.

Inventory:

Hand Weapons
 a - a +0 war axe
 d - the +7 Throatcutter (weapon) {drain, coup de grace}
   (You took it off Terence on level 2 of the Dungeon)
Missiles
 e - a javelin
 k - a throwing net
 m - 120 stones
 r - 5 datura-tipped darts
 t - 14 boomerangs (quivered)
 T - 31 poisoned darts
 U - 4 curare-tipped darts
Armour
 c - a +0 helmet (worn)
 h - a +0 scale mail (worn)
 n - a +2 pair of boots
 K - a +0 cloak (worn)
 X - the +5 kite shield of Ethics (worn) {Dex+3}
   (You found it on level 10 of the Dungeon)

   Dex+3:     It affects your dexterity (+3).
Jewellery
 i - a +5 ring of evasion (left hand)
 q - a +4 ring of protection (right hand)
 C - a ring of protection from fire
 H - a ring of willpower
 P - an amulet of the acrobat (around neck)
 S - a ring of resist corrosion
 W - an amulet of the acrobat
Wands
 b - a wand of mindburst (5)
 y - a wand of light (11)
 z - a wand of flame (50)
 D - a wand of iceblast (12)
 M - a wand of polymorph (8)
Scrolls
 j - 11 scrolls of identify
 s - 3 scrolls of amnesia
 u - 4 scrolls of fog
 v - 4 scrolls of fear {unknown}
 B - 7 scrolls of brand weapon {unknown}
 E - 3 scrolls of teleportation
 F - 6 scrolls of blinking
 I - a scroll of silence {unknown}
 J - 3 scrolls of poison {unknown}
 L - a scroll of immolation {unknown}
 N - 2 scrolls of enchant armour {unknown}
 Q - a scroll of summoning {unknown}
 Y - a scroll of torment {unknown}
Potions
 f - 6 potions of lignification
 g - 9 potions of curing
 l - 5 potions of heal wounds
 o - a potion of enlightenment
 p - 2 potions of invisibility
 x - a potion of magic
 A - a potion of might
 O - a potion of brilliance
 R - a potion of attraction
 V - 3 potions of mutation
 Z - a potion of ambrosia {unknown}
Miscellaneous
 w - a phantom mirror


   Skills:
 + Level 9.0 Fighting
 + Level 7.6 Short Blades
 + Level 7.6 Long Blades
 + Level 10.1 Axes
 + Level 7.6 Maces & Flails
 + Level 7.6 Polearms
 + Level 7.6 Staves
 + Level 7.6 Ranged Weapons
 + Level 9.0 Throwing
 + Level 7.6 Armour
 + Level 10.1 Dodging
 + Level 7.6 Stealth
 + Level 7.6 Shields
 + Level 7.6 Unarmed Combat
 + Level 7.6 Spellcasting
 + Level 6.3 Conjurations
 + Level 6.3 Hexes
 + Level 6.3 Summonings
 + Level 6.3 Necromancy
 + Level 6.3 Translocations
 + Level 6.3 Transmutations
 + Level 6.3 Fire Magic
 + Level 6.3 Ice Magic
 + Level 6.3 Air Magic
 + Level 6.3 Earth Magic
 + Level 6.3 Poison Magic
 + Level 8.4 Invocations
 + Level 7.6 Evocations
 + Level 7.0 Shapeshifting


You had 26 spell levels left.
You didn't know any spells.
Your spell library contained the following spells:

 Spells                   Type           Power      Damage    Failure   Level
 Apportation              Tloc           22%        N/A       9%          1
 Necrotise                Necr           44%        1d6       9%          1
 Summon Small Mammal      Summ           44%        N/A       9%          1
 Blink                    Tloc           22%        N/A       14%         2
 Momentum Strike          Conj/Tloc      22%        3d8       14%         2
 Inner Flame              Hex/Fire       11%        N/A       26%         3
 Summon Guardian Golem    Hex/Summ       11%        N/A       26%         3
 Volatile Blastmotes      Fire/Tloc      22%        2d11      26%         3
 Anguish                  Hex/Necr       5%         N/A       65%         4
 Cause Fear               Hex            5%         N/A       65%         4
 Fulminant Prism          Conj/Hex       5%         3d7       65%         4
 Iskenderun's Mystic Bla  Conj/Tloc      11%        2d4       65%         4
 Manifold Assault         Tloc           11%        N/A       65%         4
 Yara's Violent Unravell  Hex/Tmut       5%         3d4       94%         5
 Summon Cactus Giant      Summ           5%         N/A       100%        6
 Enfeeble                 Hex            5%         N/A       100%        7
 Orb of Destruction       Conj           5%         9d5       100%        7
 Spellforged Servitor     Conj/Summ      5%         N/A       100%        7


Dungeon Overview and Level Annotations

Branches:
Dungeon (12/15) Zot: 25725    Lair (0/5) D:9             Orc (0/2) D:12
 Temple: D:4-7

Altars:
Ashenzari
Cheibriados
Dithmenos
Gozag
Hepliaklqana
Nemelex Xobeh
Okawaru
Uskayaw
Vehumet
Xom
Yredelemnul
Zin
The Shining One

Shops:
D:5 ?   D:6 !:(

Annotations:
D:12 Kirke, Snorg


Innate Abilities, Weirdness & Mutations

You have very sharp teeth.
Your uncanny sense of smell can sniff out nearby items.
Your experience applies equally to all skills.


Message History

The cyclops is almost dead.
You block the slime creature's attack. You block the orc wizard's attack.
The cyclops misses you.
You completely miss the cyclops.
The cyclops is almost dead.
A centaur warrior simulacrum comes into view.
The slime creature closely misses you. You block the orc wizard's attack.
You hit the cyclops but do no damage.
You put the cyclops out of its misery!
You kill the cyclops!
You block the orc wizard's attack. You block the slime creature's attack.
Your Shapeshifting skill increases to level 7!
You slash the slime creature! You drain the slime creature.
The slime creature is moderately wounded.
The slime creature completely misses you.
The orc wizard barely misses you.
You slash the slime creature! You drain the slime creature.
The slime creature is heavily wounded.
The orc wizard points at you and mumbles some strange words.
You easily resist.
The slime creature hits you!
The centaur warrior simulacrum closely misses you.
The centaur warrior simulacrum misses you.
You hit the centaur warrior simulacrum.
The centaur warrior simulacrum is lightly damaged.
The orc wizard gestures at you while chanting.
You easily resist.
You block the slime creature's attack.
The centaur warrior simulacrum misses you.
You block the centaur warrior simulacrum's attack.
The slime creature misses you.
The orc wizard hits you but does no damage.
You hit the centaur warrior simulacrum.
The centaur warrior simulacrum is moderately damaged.
The centaur warrior simulacrum hits you!
The centaur warrior simulacrum freezes you!!
* * * LOW HITPOINT WARNING * * *
The centaur warrior simulacrum closely misses you.
The centaur warrior simulacrum hits you.
* * * LOW HITPOINT WARNING * * *
The centaur warrior simulacrum freezes you!!
You die...
Your body glows slightly and disappears.

.#######.....................
................############.
................#
...............## ∆∆
...............### ∆∆
..............##/# ∆
..............#??## ∆∆
.............##?.J# ∆
.............#.(@.##
###.........##..oZ.# .
∆#.........######.##..#
#........#....(....%.#
#........#..##..##..##
#.......##...##..##.#
#.......##.#..##...##
#......##...#..##..#
#......#.#.# #..#.##


You could see a slime creature (drained), an orc wizard and a centaur warrior
simulacrum.

Vanquished Creatures
  A two-headed ogre (D:11)
  A death yak (D:12)
  A necromancer (D:12)
  A manticore (D:12)
  3 cyclopes
  Joseph (D:7)
  6 centaur zombies (D:10)
  Jeremiah (D:6)
  3 unseen horrors
  2 unseen horror zombies (D:10)
  A kobold demonologist (D:10)
  2 trolls
  Grinder (D:3)
  A hornet (D:10)
  2 meliai zombies (D:10)
  Sigmund (D:4)
  A water elemental (D:12)
  6 wraiths
  18 yaks (D:9)
  3 wyverns
  A basilisk (D:9)
  3 steam dragons
  Eustachio (D:4)
  2 death yak simulacra (D:12)
  9 vampire mosquitoes (D:12)
  3 water moccasins (D:9)
  3 hydra simulacra (D:12)
  2 ice beasts
  2 sky beasts
  4 black bears
  2 centaurs
  3 wolves (D:9)
  2 ogres
  6 kobold brigands
  A gnoll sergeant (D:8)
  2 bullfrogs
  A scorpion (D:5)
  5 wights (D:9)
  An elephant simulacrum (D:12)
  10 killer bees
  An electric eel (D:6)
  7 howler monkeys
  A sleepcap (D:8)
  A gnoll bouda (D:8)
  3 jellies
  6 orc priests
  2 hounds
  Crazy Yiuf (D:6)
  3 iguanas
  Terence (D:2)
  Jessica (D:2)
  6 orc wizards
  Ijyb (D:4)
  2 hell rats (D:12)
  A howler monkey zombie (D:10)
  Robin (D:3)
  14 gnolls
  7 adders
  A shadow imp (D:7)
  5 hell rat simulacra (D:12)
  2 worms
  2 dart slugs
  23 orcs
  6 ball pythons
  6 bats
  8 endoplasms
  2 giant cockroaches
  14 goblins
  15 hobgoblins
  8 jackals
  6 quokkas
  3 frilled lizards
  40 kobolds
  4 rats
323 creatures vanquished.

Vanquished Creatures (others)
  Menkaure (D:6)
1 creature vanquished.

Grand Total: 324 creatures vanquished

Notes
Turn   | Place    | Note
-------+----------+-------------------------------------------
     0 | D:1      | lessens the Gnoll Gladiator began the quest for the Orb.
     0 | D:1      | Reached XP level 1. HP: 20/20 MP: 1/1
   158 | D:1      | Reached XP level 2. HP: 19/26 MP: 2/2
   363 | D:1      | Reached XP level 3. HP: 30/31 MP: 3/3
   754 | D:2      | Reached skill level 1 in Invocations
  1061 | D:2      | Reached skill level 1 in Short Blades
  1061 | D:2      | Reached skill level 1 in Long Blades
  1061 | D:2      | Reached skill level 1 in Maces & Flails
  1061 | D:2      | Reached skill level 1 in Polearms
  1061 | D:2      | Reached skill level 1 in Staves
  1061 | D:2      | Reached skill level 1 in Ranged Weapons
  1061 | D:2      | Reached skill level 1 in Armour
  1061 | D:2      | Reached skill level 1 in Stealth
  1061 | D:2      | Reached skill level 1 in Shields
  1061 | D:2      | Reached skill level 1 in Unarmed Combat
  1061 | D:2      | Reached skill level 1 in Spellcasting
  1061 | D:2      | Reached skill level 1 in Evocations
  1244 | D:2      | Reached skill level 1 in Shapeshifting
  1244 | D:2      | Reached XP level 4. HP: 38/38 MP: 5/5
  1263 | D:2      | Noticed Terence
  1273 | D:2      | Noticed Jessica
  1278 | D:2      | Killed Terence
  1279 | D:2      | Reached skill level 1 in Conjurations
  1279 | D:2      | Reached skill level 1 in Hexes
  1279 | D:2      | Reached skill level 1 in Summonings
  1279 | D:2      | Reached skill level 1 in Necromancy
  1279 | D:2      | Reached skill level 1 in Translocations
  1279 | D:2      | Reached skill level 1 in Transmutations
  1279 | D:2      | Reached skill level 1 in Fire Magic
  1279 | D:2      | Reached skill level 1 in Ice Magic
  1279 | D:2      | Reached skill level 1 in Air Magic
  1279 | D:2      | Reached skill level 1 in Earth Magic
  1279 | D:2      | Reached skill level 1 in Poison Magic
  1397 | D:2      | Killed Jessica
  1499 | D:2      | Reached XP level 5. HP: 40/40 MP: 5/7
  1667 | D:3      | Noticed Robin
  1697 | D:3      | Killed Robin
  1929 | D:3      | Noticed Grinder
  1963 | D:3      | Paralysed by Grinder for 3 turns
  1966 | D:3      | Killed Grinder
  1967 | D:3      | Reached skill level 5 in Fighting
  1967 | D:3      | Reached skill level 5 in Throwing
  1967 | D:3      | Reached XP level 6. HP: 29/51 MP: 7/9
  2258 | D:4      | Reached XP level 7. HP: 56/56 MP: 10/10
  2535 | D:4      | Noticed Sigmund
  2561 | D:4      | Killed Sigmund
  2811 | D:4      | Noticed Eustachio
  2827 | D:4      | Killed Eustachio
  2828 | D:4      | Reached XP level 8. HP: 62/63 MP: 12/12
  2851 | D:4      | Noticed Ijyb
  2865 | D:4      | Killed Ijyb
  3077 | D:4      | Found a shadowy altar of Dithmenos.
  3937 | D:5      | Entered Level 5 of the Dungeon
  3974 | D:5      | Found Zohurhob's Magic Scroll Emporium.
  3978 | D:5      | Bought a scroll of teleportation for 42 gold pieces
  3978 | D:5      | Bought a scroll of fog for 56 gold pieces
  3978 | D:5      | Bought a scroll of blinking for 105 gold pieces
  3978 | D:5      | Bought a scroll of noise for 14 gold pieces
  4526 | D:5      | Found an iron altar of Okawaru.
  4831 | D:6      | Found a broken altar of Ashenzari.
  5042 | D:6      | Found Jeatea's Distillery.
  5042 | D:6      | Found Aguwn's Book Shoppe.
  5042 | D:6      | Found Huogo's Antique Weapon Shoppe.
  5050 | D:6      | Bought a potion of brilliance for 48 gold pieces
  5091 | D:6      | Reached XP level 9. HP: 42/69 MP: 14/14
  5191 | D:6      | Found a glowing silver altar of Zin.
  5266 | D:6      | Found a shimmering altar of Xom.
  5267 | D:6      | Found a glowing golden altar of the Shining One.
  5301 | D:6      | Noticed Menkaure
  5305 | D:6      | Killed Menkaure
  5336 | D:6      | Noticed Jeremiah
  5369 | D:6      | Killed Jeremiah
  5928 | D:6      | Found a runed translucent door.
  5929 | D:6      | Noticed Crazy Yiuf
  5934 | D:6      | Killed Crazy Yiuf
  5984 | D:7      | Identified the of Geteas
  6072 | D:7      | Reached skill level 5 in Invocations
  6361 | D:7      | Found a radiant altar of Vehumet.
  6423 | D:7      | Found a sparkling altar of Nemelex Xobeh.
  6431 | D:7      | Became a worshipper of Nemelex Xobeh the Trickster
  6552 | D:7      | Noticed Joseph
  6570 | D:7      | Killed Joseph
  6571 | D:7      | Reached skill level 5 in Short Blades
  6571 | D:7      | Reached skill level 5 in Long Blades
  6571 | D:7      | Reached skill level 5 in Maces & Flails
  6571 | D:7      | Reached skill level 5 in Polearms
  6571 | D:7      | Reached skill level 5 in Staves
  6571 | D:7      | Reached skill level 5 in Ranged Weapons
  6571 | D:7      | Reached skill level 5 in Armour
  6571 | D:7      | Reached skill level 5 in Stealth
  6571 | D:7      | Reached skill level 5 in Shields
  6571 | D:7      | Reached skill level 5 in Unarmed Combat
  6571 | D:7      | Reached skill level 5 in Spellcasting
  6571 | D:7      | Reached skill level 5 in Evocations
  6571 | D:7      | Reached XP level 10. HP: 63/77 MP: 17/17
  6971 | D:6      | Bought a potion of mutation for 96 gold pieces
  7593 | D:8      | Reached * piety under Nemelex Xobeh
  8078 | D:9      | Received a gift from Nemelex Xobeh
  8201 | D:9      | Found a staircase to the Lair.
  8218 | D:9      | Reached skill level 5 in Shapeshifting
  8759 | D:9      | Reached XP level 11. HP: 82/84 MP: 19/19
  8770 | D:9      | Reached skill level 5 in Conjurations
  8770 | D:9      | Reached skill level 5 in Hexes
  8770 | D:9      | Reached skill level 5 in Summonings
  8770 | D:9      | Reached skill level 5 in Necromancy
  8770 | D:9      | Reached skill level 5 in Translocations
  8770 | D:9      | Reached skill level 5 in Transmutations
  8770 | D:9      | Reached skill level 5 in Fire Magic
  8770 | D:9      | Reached skill level 5 in Ice Magic
  8770 | D:9      | Reached skill level 5 in Air Magic
  8770 | D:9      | Reached skill level 5 in Earth Magic
  8770 | D:9      | Reached skill level 5 in Poison Magic
  8859 | D:9      | Found an opulent altar of Gozag.
  8860 | D:9      | Found an opulent altar of Gozag.
  8963 | D:9      | Found an opulent altar of Gozag.
  8967 | D:9      | Found an opulent altar of Gozag.
  8976 | D:9      | Identified the +7 long sword of Beyond {freeze, rC++}
  9023 | D:9      | Found a hazy altar of Hepliaklqana.
  9257 | D:9      | Received a gift from Nemelex Xobeh
  9669 | D:9      | Reached ** piety under Nemelex Xobeh
  9769 | D:10     | Entered Level 10 of the Dungeon
  9769 | D:10     | Found a snail-covered altar of Cheibriados.
 10041 | D:10     | Identified the +5 kite shield of Ethics {Dex+3}
 10089 | D:10     | Found a basalt altar of Yredelemnul.
 10420 | D:10     | Found a hide-covered altar of Uskayaw.
 10760 | D:10     | Reached XP level 12. HP: 92/94 MP: 22/22
 10824 | D:11     | Noticed a two-headed ogre
 10831 | D:11     | Killed a two-headed ogre
 11335 | D:11     | Received a gift from Nemelex Xobeh
 11351 | D:11     | Reached *** piety under Nemelex Xobeh
 11891 | D:12     | Found a staircase to the Orcish Mines.
 11967 | D:12     | Noticed a death yak
 11984 | D:12     | Killed a death yak
 12155 | D:12     | Reached skill level 10 in Axes
 12155 | D:12     | Reached skill level 10 in Dodging
 12660 | D:12     | Noticed Snorg
 12943 | D:12     | Noticed Kirke
 13107 | D:12     | HP: 4/95 [centaur warrior simulacrum (27)]
 13107 | D:12     | Annihilated by a centaur warrior simulacrum

Illustrated notes

Levels and vault maps discovered:
D:1:      co_arrival_random_square_maze, layout_rooms, serial_bayou_pond_d
D:2:      minmay_wonky_spiral, layout_rooms, minmay_quadrilaterals,
          uniq_terence, uniq_jessica
D:3:      layout_rooms, uniq_grinder, uniq_robin
D:4:      layout_layer_cave, nicolae_dithmenos_shadow_blocks, uniq_eustachio,
          uniq_ijyb, uniq_sigmund
D:5:      layout_cave_pools, okawaru_altar_gauntlet_db,
          minmay_temple_entry_from_below_a, serial_shops, shop, serial_rivers,
          chequers_serial_rivers_marsh, chequers_serial_rivers_micro_d,
          chequers_serial_rivers_marsh, chequers_serial_rivers_micro_a,
          roderic_serpentine_path
D:6:      layout_cave_pools, grunt_temple_overflow_open,
          mainiacjoe_overflow_divided_tiny, minmay_crystal_water,
          nicolae_shop_distant_corner_stores, uniq_crazy_yiuf_cottage,
          uniq_menkaure, uniq_jeremiah
D:7:      layout_cave_pods, vehumet_altar_wand_db,
          nemelex_xobeh_ov_fountains_minmay, uniq_joseph
D:8:      layout_cave_pods
D:9:      layout_loops_ring, nicolae_gozag_conspicuous_consumption,
          amcnicky_altar_gilded, minmay_lair_entry_grove,
          nicolae_zig_zag_zippers
D:10:     layout_rooms, lemuel_doored_altar, nicolae_yredelemnul_corpse_copse,
          kennysheep_slug_shrine
D:11:     layout_gridville, minmay_fractal_squares_gapless_5
D:12:     minmay_the_grid_triangle_9x9_rhombus_thin_mashed
          [minmay_the_grid_triangle_9x9_cache,
          minmay_the_grid_triangle_9x9_prize_schism,
          minmay_the_grid_triangle_9x9_zippers_vertical,
          minmay_the_grid_triangle_9x9_semitri], layout_irregular_city,
          orc_0_dummy, serial_bayou_lagoon_a, eino_house_with_fridge,
          uniq_snorg, uniq_rupert, uniq_kirke

Skill      XL: |  1  2  3  4  5  6  7  8  9 10 11 12 |
---------------+-------------------------------------+-----
Invocations    | 1 2 3 4 5 6 7 8 |  8.4
Short Blades   | 1 2 3 5 6 7 |  7.6
Long Blades    | 1 2 3 5 6 7 |  7.6
Maces & Flails | 1 2 3 5 6 7 |  7.6
Polearms       | 1 2 3 5 6 7 |  7.6
Staves         | 1 2 3 5 6 7 |  7.6
Ranged Weapons | 1 2 3 5 6 7 |  7.6
Armour         | 1 2 3 5 6 7 |  7.6
Stealth        | 1 2 3 5 6 7 |  7.6
Shields        | 1 2 3 5 6 7 |  7.6
Unarmed Combat | 1 2 3 5 6 7 |  7.6
Spellcasting   | 1 2 3 5 6 7 |  7.6
Evocations     | 1 2 3 5 6 7 |  7.6
Shapeshifting  | 1 2 3 4 5 6 7 |  7.0
Conjurations   | 1 2 3 4 5 6 |  6.3
Hexes          | 1 2 3 4 5 6 |  6.3
Summonings     | 1 2 3 4 5 6 |  6.3
Necromancy     | 1 2 3 4 5 6 |  6.3
Translocations | 1 2 3 4 5 6 |  6.3
Transmutations | 1 2 3 4 5 6 |  6.3
Fire Magic     | 1 2 3 4 5 6 |  6.3
Ice Magic      | 1 2 3 4 5 6 |  6.3
Air Magic      | 1 2 3 4 5 6 |  6.3
Earth Magic    | 1 2 3 4 5 6 |  6.3
Poison Magic   | 1 2 3 4 5 6 |  6.3
Fighting       | 5 6 7 8 9 |  9.0
Throwing       | 5 6 7 8 9 |  9.0
Axes           | 7 8 9 10 | 10.1
Dodging        | 7 8 9 10 | 10.1

Action                     |  1- 3 |  4- 6 |  7- 9 | 10-12 || total
---------------------------+-------+-------+-------+-------++-------
  Melee: War axe           |   113 |     8 |       |       ||   121
         Bite              |    12 |     5 |    13 |    63 ||    93
         Long sword        |       |    91 |   218 |   567 ||   876
         Punch             |       |       |     1 |    11 ||    12
  Throw: Throwing net      |       |     3 |     3 |       ||     6
         Boomerang         |       |       |    11 |    31 ||    42
  Evoke: Wand              |       |       |     3 |     1 ||     4
    Use: Scroll            |       |     5 |     4 |     4 ||    13
         Potion            |       |     2 |     1 |     1 ||     4
   Stab: Held in net/web   |       |     1 |       |       ||     1
         Invisible         |       |       |     5 |     1 ||     6
         Sleeping          |       |       |       |     1 ||     1
 Armour: Leather armour    |    34 |       |       |       ||    34
         Ring mail         |     6 |     5 |       |       ||    11
         Skin              |       |     3 |       |       ||     3
         Scale mail        |       |    45 |   137 |   380 ||   562
  Dodge: Dodged            |   102 |    85 |   261 |   658 ||  1106
  Block: Kite shield       |       |       |       |   347 ||   347

Table legend: (Time is in decaauts)
 A = Elapsed time spent in this place.
 B = Non-inter-level travel time spent in this place.
 C = Inter-level travel time spent in this place.
 D = Time resting spent in this place.
 E = Time spent auto-exploring this place.
 F = Levels seen in this place.
 G = Mean time per level.
                   A        B        C        D        E       F      G
               +--------+--------+--------+--------+--------+-----+--------+
         Total |  13345 |  12793 |    552 |    478 |   9616 |  12 | 1112.1 |
       Dungeon |  13345 |  12793 |    552 |    478 |   9616 |  12 | 1112.1 |
               +--------+--------+--------+--------+--------+-----+--------+

Top non-repeatable levels by time:
     D:4: 1767 daAuts
     D:9: 1732 daAuts
    D:11: 1208 daAuts
     D:5: 1171 daAuts
    D:12: 1168 daAuts
    D:10: 1053 daAuts
     D:6: 1051 daAuts
     D:8: 1003 daAuts
     D:7: 953 daAuts
     D:2: 865 daAuts
     D:1: 761 daAuts
     D:3: 608 daAuts

Levels and vault maps discovered:
D:1:      co_arrival_random_square_maze, layout_rooms, serial_bayou_pond_d
D:2:      minmay_wonky_spiral, layout_rooms, minmay_quadrilaterals,
          uniq_terence, uniq_jessica
D:3:      layout_rooms, uniq_grinder, uniq_robin
D:4:      layout_layer_cave, nicolae_dithmenos_shadow_blocks, uniq_eustachio,
          uniq_ijyb, uniq_sigmund
D:5:      layout_cave_pools, okawaru_altar_gauntlet_db,
          minmay_temple_entry_from_below_a, serial_shops, shop, serial_rivers,
          chequers_serial_rivers_marsh, chequers_serial_rivers_micro_d,
          chequers_serial_rivers_marsh, chequers_serial_rivers_micro_a,
          roderic_serpentine_path
D:6:      layout_cave_pools, grunt_temple_overflow_open,
          mainiacjoe_overflow_divided_tiny, minmay_crystal_water,
          nicolae_shop_distant_corner_stores, uniq_crazy_yiuf_cottage,
          uniq_menkaure, uniq_jeremiah
D:7:      layout_cave_pods, vehumet_altar_wand_db,
          nemelex_xobeh_ov_fountains_minmay, uniq_joseph
D:8:      layout_cave_pods
D:9:      layout_loops_ring, nicolae_gozag_conspicuous_consumption,
          amcnicky_altar_gilded, minmay_lair_entry_grove,
          nicolae_zig_zag_zippers
D:10:     layout_rooms, lemuel_doored_altar, nicolae_yredelemnul_corpse_copse,
          kennysheep_slug_shrine
D:11:     layout_gridville, minmay_fractal_squares_gapless_5
D:12:     minmay_the_grid_triangle_9x9_rhombus_thin_mashed
          [minmay_the_grid_triangle_9x9_cache,
          minmay_the_grid_triangle_9x9_prize_schism,
          minmay_the_grid_triangle_9x9_zippers_vertical,
          minmay_the_grid_triangle_9x9_semitri], layout_irregular_city,
          orc_0_dummy, serial_bayou_lagoon_a, eino_house_with_fridge,
          uniq_snorg, uniq_rupert, uniq_kirke
